 Dungeon Crawl Stone Soup version 0.29-a0-284-gf9362112df (webtiles) character file.

Game seed: 2797621988848444499

225 RatsInWalls the Chopper (level 5, 0/48 HPs)
             Began as a Minotaur Berserker on Mar 31, 2022.
             Was a Priest of Trog.
             Slain by a jelly (3 damage)
             ... on level 4 of the Dungeon.
             The game lasted 00:02:08 (2619 turns).

RatsInWalls the Chopper (Minotaur Berserker)        Turns: 2619, Time: 00:02:09

Health: 0/48       AC: -13   Str: 24    XL:     5   Next: 68%
Magic:  4/4        EV: 12    Int:  4    God:    Trog [***...]
Gold:   166        SH:  0    Dex:  9    Spells: 4/4 levels left

rFire   . . .      SeeInvis .   a - +0 hand axe
rCold   . . .      Faith    .   (no shield)
rNeg    . . .      Spirit   .   b - +0 animal skin
rPois   .          Reflect  .   (helmet restricted)
rElec   .          Harm     .   (no cloak)
rCorr   .          Rampage  .   (no gloves)
Will    ++...                   (no boots)
Stlth   +.........              (no amulet)
HPRegen 1.16/turn               (no ring)
MPRegen 0.09/turn               (no ring)

@: strong-willed, corroded, regenerating
A: horns 2, retaliatory headbutt
a: Renounce Religion, Berserk, Trog's Hand


You were on level 4 of the Dungeon.
You worshipped Trog.
Trog was most pleased with you.
You visited 1 branch of the dungeon, and saw 4 of its levels.

You collected 166 gold pieces.

Inventory:

Hand Weapons
 a - a +0 hand axe (weapon)
Missiles
 e - 3 throwing nets (quivered)
Armour
 b - a +0 animal skin (worn)
 l - an orb of guile
Jewellery
 i - a ring of positive energy
 k - a +6 ring of dexterity
 p - a ring of magical power
Scrolls
 c - 2 scrolls of magic mapping {unknown}
 d - 2 scrolls of identify {unknown}
 n - 2 scrolls of teleportation {unknown}
Potions
 f - 2 potions of curing {unknown}
 g - a potion of haste {unknown}
 h - a potion of mutation {unknown}
 j - a potion of attraction {unknown}
 m - a potion of cancellation {unknown}
 o - 3 potions of heal wounds {unknown}


   Skills:
 + Level 5.0 Fighting
 + Level 6.0 Axes
 + Level 2.7 Armour
 + Level 3.0 Dodging
 + Level 1.2 Stealth


You had 4 spell levels left.
You didn't know any spells.
Your spell library was empty.

Dungeon Overview and Level Annotations

Branches:
Dungeon (4/15)
 Temple: D:4-7

Altars:
Wu Jian

Annotations:
D:4 1 runed translucent door, oldriver's ghost, weakling NaHu


Innate Abilities, Weirdness & Mutations

You have a pair of horns on your head.
You reflexively headbutt those who attack you in melee.


Message History

A jelly is nearby!
You slash the jelly!
Your hands burn!
The jelly is heavily wounded.
The jelly hits you. The acid corrodes you!
You are splashed with acid!
A jelly is nearby!
You hit the jelly but do no damage. The acid corrodes you!
Your hands burn!
The jelly is heavily wounded.
The jelly hits you.
You are splashed with acid!
A jelly is nearby!
You barely miss the jelly. You headbutt the jelly.
The jelly is severely wounded.
The jelly hits you. The acid corrodes you!
You are splashed with acid!
A jelly is nearby!
You are too injured to fight recklessly!
A jelly is nearby!
You are too injured to fight recklessly!
You are too injured to fight recklessly!
A jelly is nearby!
You are too injured to fight recklessly!
A jelly is nearby!
You are too injured to fight recklessly!
Unknown command.
The jelly attacks as you move away! The jelly closely misses you.
You furiously retaliate!
You headbutt the jelly, but do no damage.
The jelly attacks as you move away! The jelly misses you.
The jelly attacks as you move away! The jelly hits you.
You are splashed with acid!
* * * LOW HITPOINT WARNING * * *
The jelly attacks as you move away! The jelly closely misses you.
The jelly attacks as you move away! The jelly closely misses you.
The jelly attacks as you move away! The jelly hits you.
* * * LOW HITPOINT WARNING * * *
The acid corrodes you!
You are splashed with acid!
* * * LOW HITPOINT WARNING * * *
Okay, then.
Your skin crawls.
You feel strong-willed. The jelly hits you.
You die...

##.....#.......##..###........+
#......#...........###........#
#...........###......#.........#
#.....#........................>
#.....#.........................
#..#####........................
### ##........##.........(...
#.......J...##...........
.##.......@...........###..
....#......#..##..#.###...
##..#.##.###...##.#..####.
#........##...##.#..#..#.
#.....#...#..............
.##..#..................
.#.#.....................#
.............##...........
..#.........###....###.##.


You could see a jelly.

Vanquished Creatures
  A hound (D:3)
  An orc wizard (D:4)
  4 gnolls (D:4)
  6 adders
  A dart slug (D:1)
  4 orcs (D:4)
  9 endoplasms
  A giant cockroach (D:1)
  5 goblins
  8 hobgoblins
  5 jackals
  A quokka (D:2)
  10 ball pythons
  2 bats (D:2)
  3 frilled lizards
  6 kobolds
  12 rats
79 creatures vanquished.

Vanquished Creatures (others)
  2 withered plants (D:4)
2 creatures vanquished.

Grand Total: 81 creatures vanquished

Notes
Turn   | Place    | Note
-------+----------+-------------------------------------------
     0 | D:1      | RatsInWalls the Minotaur Berserker began the quest for the
                  | Orb.
     0 | D:1      | Reached XP level 1. HP: 19/19 MP: 0/0
   105 | D:1      | Reached skill level 4 in Axes
   105 | D:1      | Reached XP level 2. HP: 22/27 MP: 1/1
   540 | D:1      | Reached ** piety under Trog
   642 | D:2      | Reached XP level 3. HP: 31/33 MP: 2/2
   730 | D:2      | Found a faded altar of an unknown god.
  1713 | D:3      | Reached skill level 5 in Axes
  1713 | D:3      | Reached XP level 4. HP: 35/41 MP: 3/3
  1864 | D:3      | Reached *** piety under Trog
  1912 | D:3      | Found an ornate altar of the Wu Jian Council.
  2126 | D:4      | Reached XP level 5. HP: 47/47 MP: 4/4
  2219 | D:4      | Reached skill level 1 in Stealth
  2260 | D:4      | Reached skill level 5 in Fighting
  2260 | D:4      | Reached skill level 6 in Axes
  2450 | D:4      | Found a runed translucent door.
  2450 | D:4      | Noticed oldriver's ghost (weakling NaHu)
  2617 | D:4      | HP: 2/48 [acid (9)]
  2619 | D:4      | Slain by a jelly

Illustrated notes

Levels and vault maps discovered:
D:1:      saegor_arrival_simple_e, layout_rooms
D:2:      layout_basic, hellmonk_ecumenical_altar_heavens_door
D:3:      layout_rooms, nicolae_wu_jian_glorious_leap
D:4:      layout_cave_pools, kennysheep_mini_moat, gammafunk_ghost_grave,
          uniq_robin

Skill      XL: |  1  2  3  4  5 |
---------------+----------------+-----
Axes           | 4 5 6 |  6.0
Fighting       | 4 5 |  5.0
Dodging        | 3 |  3.0
Stealth        | 1 |  1.2
Armour         | |  2.7

Action                   |  1- 3 |  4- 6 || total
-------------------------+-------+-------++-------
Melee: Hand axe          |    99 |    52 ||   151
       Headbutt          |    16 |     3 ||    19
Invok: Berserk           |       |     2 ||     2
       Trog's Hand       |       |     1 ||     1
 Stab: Sleeping          |     1 |     1 ||     2
Armor: Animal skin       |    23 |     3 ||    26
Dodge: Dodged            |    59 |    32 ||    91

Table legend: (Time is in decaauts)
 A = Elapsed time spent in this place.
 B = Non-inter-level travel time spent in this place.
 C = Inter-level travel time spent in this place.
 D = Time resting spent in this place.
 E = Time spent auto-exploring this place.
 F = Levels seen in this place.
 G = Mean time per level.
                   A        B        C        D        E       F      G
               +--------+--------+--------+--------+--------+-----+--------+
         Total |   2642 |   2545 |     97 |    180 |   1933 |   4 |  660.5 |
       Dungeon |   2642 |   2545 |     97 |    180 |   1933 |   4 |  660.5 |
               +--------+--------+--------+--------+--------+-----+--------+

Top non-repeatable levels by time:
     D:2: 883 daAuts
     D:3: 629 daAuts
     D:1: 618 daAuts
     D:4: 512 daAuts
